 Dungeon Crawl Stone Soup version 0.30-a0-187-gd9c2deaf24 (webtiles) character file.

Game seed: 14320775305403926899

12 Flugkiller the Sneak (level 2, 0/24 HPs)
             Began as a Mummy Delver on Oct 3, 2022.
             Was an Initiate of Okawaru.
             Slain by a white imp (2 damage)
             ... on level 5 of the Dungeon.
             The game lasted 00:00:29 (148 turns).

Flugkiller the Sneak (Mummy Delver)                  Turns: 148, Time: 00:00:29

Health: 0/24       AC:  3    Str: 15    XL:     2   Next: 20%
Magic:  2/2        EV: 11    Int:  9    God:    Okawaru [......]
Gold:   5          SH:  0    Dex: 13    Spells: 1/1 levels left

rFire   x . .      SeeInvis .    a - +0 falchion
rCold   + . .      Faith    +    (no shield)
rNeg    + + +      Spirit   .    b - +0 leather armour
rPois   ∞          Reflect  .    (no helmet)
rElec   .          Harm     .    (no cloak)
rCorr   .          Rampage  .    (no gloves)
Will    .....                    (no boots)
Stlth   ++........               (no amulet)
HPRegen 0.24/turn                (no ring)
MPRegen 0.08/turn                (no ring)

@: no status effects
A: cold resistance 1, negative energy resistance 3, torment resistance 2, heat
vulnerability 1, no potions, faith
a: Renounce Religion


You were on level 5 of the Dungeon.
You worshipped Okawaru.
Okawaru was noncommittal.
You visited 1 branch of the dungeon, and saw 1 of its levels.

You collected 5 gold pieces.

Inventory:

Hand Weapons
 a - a +0 falchion (weapon)
Armour
 b - a +0 leather armour (worn)
Wands
 f - a wand of digging (3)
Scrolls
 c - a scroll of fog
 g - a scroll of immolation {unknown}
 h - a scroll of teleportation {unknown}
 i - a scroll of vulnerability {unknown}


   Skills:
 + Level 3.1 Fighting
 * Level 1.9 Long Blades
 * Level 1.9 Dodging
 - Level 4.1 Stealth


You had one spell level left.
You didn't know any spells.
Your spell library was empty.

Dungeon Overview and Level Annotations

Branches:
Dungeon (5/15) Zot: 5848
 Temple: D:4-7

Altars:
Okawaru

Annotations:
D:5 exclusion: scorpion


Innate Abilities, Weirdness & Mutations

You are immune to poison.
Your flesh is cold resistant. (rC+)
You are immune to negative energy. (rN+++)
You are immune to unholy pain and torment.
You are vulnerable to heat. (rF-)
You do not drink.
You have a special connection with the divine. (Faith)


Message History

[the floor.] Placed new exclusion.
An adder comes into view.
Found a scroll labelled VOCAR IMOAM.
The adder barely misses you. The adder bites you but does no damage.
You hit the adder.
The adder is heavily wounded.
The adder closely misses you.
You hit the adder.
The adder is almost dead.
The adder bites you. x2
You hit the adder.
You kill the adder!
You have reached level 2!
You start resting.
HP restored.
g - a scroll labelled VOCAR IMOAM;
h - a scroll labelled GAAT UGAOGOKI
Found an iron altar of Okawaru.
An orc comes into view. It is wielding a +0 short sword.
Found a scroll labelled NYLEUL OHAEDID.
There is an iron altar of Okawaru here.
You kneel at the altar of Okawaru.
You kneel at the altar of Okawaru.
Okawaru welcomes you!
i - a scroll labelled NYLEUL OHAEDID An orc priest comes into view.
It is wielding a +0 dagger.
The orc shouts!
An orc wizard comes into view. It is wielding a +0 dagger.
The orc wizard shouts!
You hear a shout!
The orc priest shouts!
You hit the orc but do no damage. The orc closely misses you.
You hit the orc.
The orc is severely wounded.
The orc hits you with a +0 short sword. x2
You slash the orc!
You kill the orc!
Okawaru accepts your kill.
An orc comes into view. It is wielding a +0 hand axe.
Okay, then.
As you read the scroll of fear, it crumbles to dust.
You assume a fearsome visage.
The orc priest looks frightened!
The orc wizard looks frightened!
The orc looks frightened!
The orc shouts!
The orc wizard mumbles some strange words.
The orc wizard flickers and vanishes!
Deactivating autopickup; reactivate with Ctrl-A.
As you read the scroll of magic mapping, it crumbles to dust.
You feel aware of your surroundings.
You sensed 1 altar.
A quokka comes into view.
The helpless quokka fails to defend itself.
You slash the quokka!
You kill the quokka!
Okawaru accepts your kill.
You see here a quokka corpse.
The orc priest seems to regain its courage.
The orc priest miscasts a cantrip.
A white imp comes into view.
Found a stone staircase leading up.
The white imp shouts!
The white imp gestures at you. The puff of frost misses you.
You hit the white imp.
The white imp is lightly wounded.
The white imp sputters.
The white imp closely misses you.
You can't go up here!
You hit the white imp but do no damage.
The white imp is lightly wounded.
The white imp hits you. The white imp freezes you. You resist.
The white imp completely misses you.
You hit the white imp but do no damage.
The white imp is lightly wounded.
The white imp hits you but does no damage.
Unknown command.
Unknown command.
Unknown command.
Unknown command.
You hit the white imp.
The white imp is heavily wounded.
The white imp summons a swarm of flies.
The white imp gestures at you. The puff of frost hits you. You resist.
You barely miss the orc priest.
The orc priest hits you with a +0 dagger.
The white imp closely misses you.
You barely miss the orc priest.
The orc priest hits you with a +0 dagger.
The white imp hits you. The white imp freezes you. You resist.
You hit the orc priest.
The orc priest is moderately wounded.
The orc priest hits you but does no damage.
The white imp gestures at you. The puff of frost hits you. You resist.
* * * LOW HITPOINT WARNING * * *
The orc priest hits you with a +0 dagger.
* * * LOW HITPOINT WARNING * * *
The white imp hits you.
* * * LOW HITPOINT WARNING * * *
The white imp freezes you. You resist.
You die...

#########
****###########.......#
*,,,.............o....######
**,***######o########........
*,,,,,* #@# ##.###### ***,,,,,*
#5# #.# #.. *,,<,,,,* #.# #.#
#.# *,*,,,,,* #### ##.####.#
*,*,,,,,* #..#######........
*,**,,*******#................#
*,**,,,,,,,,,#._..##.##########
*,***,*,*,***#....##.# *,*
*,,***,,,#..####)#


You could see an orc priest and a white imp.

Vanquished Creatures
  An adder (D:5)
  An orc (D:5)
  A quokka (D:5)
3 creatures vanquished.

Notes
Turn   | Place    | Note
-------+----------+-------------------------------------------
     0 | D:5      | Flugkiller the Mummy Delver began the quest for the Orb.
     0 | D:5      | Reached XP level 1. HP: 18/18 MP: 1/1
    16 | D:5      | Noticed a scorpion
    72 | D:5      | Reached XP level 2. HP: 19/24 MP: 2/2
    99 | D:5      | Found an iron altar of Okawaru.
   107 | D:5      | Became a worshipper of Warmaster Okawaru
   148 | D:5      | Slain by a white imp

Illustrated notes

Levels and vault maps discovered:
D:5:      layout_loops_ring, mainiacjoe_overflow_alcove_1, lemuel_crystal_altar

Action                   || total
-------------------------++-------
Melee: Falchion          ||    14
  Use: Scroll            ||     2
 Stab: Sleeping          ||     1
Armor: Leather armour    ||     3
Dodge: Dodged            ||     7

Table legend: (Time is in decaauts)
 A = Elapsed time spent in this place.
 B = Non-inter-level travel time spent in this place.
 C = Inter-level travel time spent in this place.
 D = Time resting spent in this place.
 E = Time spent auto-exploring this place.
 F = Levels seen in this place.
 G = Mean time per level.
                   A        B        C        D        E       F      G
               +--------+--------+--------+--------+--------+-----+--------+
         Total |    150 |    150 |      0 |     19 |     72 |   1 |  150.0 |
       Dungeon |    150 |    150 |      0 |     19 |     72 |   1 |  150.0 |
               +--------+--------+--------+--------+--------+-----+--------+

Top non-repeatable levels by time:
     D:5: 150 daAuts
